AoeStats
← Beerfully

Nomad

509978564Analyzed
4v4 RM · 4d ago on Sep 28, 2026· 32m 40s· 8 players
Game mode
Random Map
Map size
231×231
Population
200
Speed
Normal
Resources
Standard
Victory
Conquest
Starting age
Dark Age
Ending age
Imperial Age
RankedLock teamsTeams togetherTeam positionsShared explorationLock speedFull tech treeHidden civsTurbo modeCheats
Victory
Defeat
🇦🇷 Spanish · Argentina
1368
+14
🇲🇽 Mongols · Mexico
1321
+16
🇦🇷 Persians · Argentina
1282
+17
🇨🇴 Mongols · Colombia
1281
+17
🇨🇱 Tupi · Chile
1337
-17
🇨🇱 Vietnamese · Chile
1332
-17
🇨🇱 Khmer · Chile
1314
-16
🇨🇱 Italians · Chile
1263
-14
Agro
8:04 Loom
16:59 Feudal Age
20:55 Castle Age
19:07 Forging
19:02 Scale Barding Armor
18:57 Fishing Lines
20:15 Bloodlines
22:01 Chain Barding Armor
21:48 Double-Bit Axe
23:35 Iron Casting
25:42 Husbandry
TGF LordKYO
3:01 Loom
13:11 Feudal Age
15:08 Town Watch
17:55 Castle Age
16:02 Double-Bit Axe
16:10 Fletching
17:25 Scale Barding Armor
17:54 Stone Mining
17:55 Gold Mining
18:59 Bodkin Arrow
23:36 Scale Barding Armor
30:00 Horse Collar
34:55 Imperial Age
33:36 Wheelbarrow
Technotronic
3:31 Loom
15:38 Feudal Age
16:07 Double-Bit Axe
17:21 Double-Bit Axe
18:46 Town Watch
21:20 Castle Age
20:03 Wheelbarrow
22:15 Bow Saw
22:17 Medium Warships
21:57 Fishing Lines
22:15 Gold Mining
22:42 Horse Collar
24:28 Heavy Plow
25:07 Scale Barding Armor
26:13 Hand Cart
26:13 Bloodlines
26:27 Chain Barding Armor
26:13 Husbandry
28:00 Fletching
el Paly
4:57 Loom
13:34 Feudal Age
17:40 Castle Age
17:33 Double-Bit Axe
17:32 Horse Collar
30:47 Wheelbarrow
29:57 Town Watch
Julio_15
10:02 Loom
13:05 Feudal Age
17:54 Castle Age
15:56 Double-Bit Axe
17:20 Fishing Lines
18:20 Gold Mining
18:53 Bow Saw
19:31 Fletching
20:12 Gold Mining
22:44 Bodkin Arrow
23:56 Ballistics
27:11 Wheelbarrow
26:44 Padded Archer Armor
Kirintor
5:14 Loom
14:56 Feudal Age
18:50 Castle Age
17:11 Double-Bit Axe
19:47 Fletching
19:58 Padded Archer Armor
22:56 Bodkin Arrow
29:16 Ballistics
30:32 Caciques
MurdeRgg
10:30 Loom
14:53 Feudal Age
17:11 Wheelbarrow
17:15 Double-Bit Axe
19:06 Fletching
21:51 Castle Age
22:57 Bodkin Arrow
25:10 Padded Archer Armor
29:48 Thumb Ring
Beerfully
5:23 Loom
14:38 Feudal Age
17:46 Castle Age
16:20 Double-Bit Axe
23:06 Fletching
24:42 Bodkin Arrow
28:49 Town Watch
Connection lost

Rejoining the realm…

Still unreachable

The connection could not be restored.

Session expired

The server has moved on; the page needs a fresh start.